AoeStats
← juangutierrezortega

Arabia

510146958Analyzed
1v1 RM · 4d ago on Sep 29, 2026· 15m 51s· 2 players
Game mode
Random Map
Map size
Tiny (2 player)
Population
200
Speed
Normal
Resources
Standard
Victory
Conquest
Starting age
Dark Age
Ending age
Imperial Age
RankedLock teamsTeams togetherTeam positionsShared explorationLock speedFull tech treeHidden civsTurbo modeCheats
Victory
Defeat
🇪🇸 Teutons · Spain
598
+18
🇨🇱 Tupi · Chile
644
-18
Rolandomota2024
0:28 Loom
10:13 Feudal Age
10:20 Feudal Age
10:28 Feudal Age
16:06 Castle Age
juangutierrezortega
4:11 Loom
11:30 Feudal Age
14:10 Double-Bit Axe
15:46 Fletching
Connection lost

Rejoining the realm…

Still unreachable

The connection could not be restored.

Session expired

The server has moved on; the page needs a fresh start.